 Dungeon Crawl Stone Soup version 0.30-a0-757-ga6a79fd877 (webtiles) character file.

Game seed: 18388712812413559458

228 IdlyInterested the Slasher (level 6, -6/48 HPs)
             Began as a Formicid Gladiator on Feb 9, 2023.
             Mangled by a hell hound (10 damage)
             ... on level 1 of the Abyss.
             The game lasted 00:07:09 (2946 turns).

IdlyInterested the Slasher (Formicid Gladiator)     Turns: 2946, Time: 00:07:10

Health: -6/48      AC:  9    Str: 19    XL:     6   Next: 23%
Magic:  6/6        EV: 12    Int:  7    God:
Gold:   194        SH:  0    Dex: 17    Spells: 5/5 levels left

rFire   . . .      SeeInvis +    a - +0 long sword
rCold   . . .      Faith    .    (no shield)
rNeg    . . .      Spirit   .    i - +3 ring mail
rPois   .          Reflect  .    (helmet unavailable)
rElec   .          Harm     .    o - +0 cloak
rCorr   .          Rampage  .    (no gloves)
Will    .....                    (no boots)
Stlth   +                        (no amulet)
HPRegen 0.28/turn                (no ring)
MPRegen 0.10/turn                (no ring)

@: no status effects
A: permanent stasis, dig shafts and tunnels, antennae 3, four strong arms
a: Dig, Shaft Self


You were on level 1 of the Abyss.
You visited 1 branch of the dungeon, and saw 4 of its levels.
You visited the Abyss 1 time.

You collected 194 gold pieces.

Inventory:

Hand Weapons
 a - a +0 long sword (weapon)
 k - a +2 hand axe of flaming
Missiles
 c - 3 throwing nets
 d - a javelin
 h - 4 stones (quivered)
Armour
 i - a +3 ring mail (worn)
 j - a +0 plate armour
 o - a +0 cloak (worn)
Wands
 f - a wand of flame (29)
Scrolls
 m - a scroll of magic mapping
Potions
 b - 2 potions of brilliance
 e - 2 potions of curing
 g - a potion of mutation {unknown}
 l - a potion of heal wounds {unknown}
 n - a potion of lignification {unknown}


   Skills:
 + Level 3.7 Fighting
 * Level 5.6 Long Blades
 - Level 2.0 Throwing
 - Level 1.0 Armour
 - Level 2.6 Dodging
 - Level 1.0 Stealth


You had 5 spell levels left.
You didn't know any spells.
Your spell library contained the following spells:

 Spells                   Type           Power      Damage    Failure   Level
 Dazzling Flash           Conj/Hex       0%         N/A       94%         3
 Kindle Blastsparks       Fire/Tloc/Air  0%         2d10      94%         3
 Fulminant Prism          Conj/Hex       0%         3d5       100%        4
 Iskenderun's Mystic Bla  Conj/Tloc      0%         2d3       100%        4
 Lee's Rapid Deconstruct  Erth           0%         3d4*      100%        5
 Starburst                Conj/Fire      0%         6d3       100%        6


Dungeon Overview and Level Annotations

Branches:
Dungeon (4/15)
 Temple: D:4-7

Altars:

Shops:
D:1 :   D:3 :


Innate Abilities, Weirdness & Mutations

You cannot be hasted, slowed, berserked, paralysed or teleported.
You can dig through walls and to a lower floor.
You have a pair of large antennae on your head. (SInv)
Your four strong arms can wield two-handed weapons with a shield.


Message History

The small abomination is heavily damaged.
The small abomination barely misses you.
You hit the small abomination.
The small abomination is severely damaged.
The small abomination hits you.
You completely miss the small abomination.
The small abomination is severely damaged.
A hell hound comes into view.
You barely miss the small abomination.
The small abomination is severely damaged.
The hell hound barks!
You hear a bark!
The small abomination hits you!
You closely miss the small abomination.
The small abomination is severely damaged.
The small abomination hits you but does no damage.
You hit the small abomination but do no damage.
The small abomination is severely damaged.
The small abomination hits you!
You barely miss the small abomination.
The small abomination is severely damaged.
The hell hound closely misses you. x2
You barely miss the small abomination.
The small abomination is severely damaged.
The hell hound bites you but does no damage.
The small abomination hits you but does no damage.
You hit the small abomination.
The small abomination is severely damaged.
The hell hound completely misses you.
The small abomination closely misses you.
The hell hound bites you!
A hell hound comes into view.
You closely miss the small abomination.
The small abomination is severely damaged.
The hell hound bites you. The small abomination hits you!
* * * LOW HITPOINT WARNING * * *
The hell hound closely misses you.
You hit the small abomination but do no damage.
The small abomination is severely damaged.
The hell hound bites you!
You die...

#.# ##'## ##...##
####
##..∩..###...#
.#.........._##
#............#..
.................
. ...........h...
.......@h#.#...
##..#.#.x#......
#.#...#....##..
....###...#.. .
.... .#.#.#.. .##
. ...##.# # #. #
.. #.


You could see 2 hell hounds and a small abomination.

Vanquished Creatures
  A gnoll bouda (D:3)
  Jessica (D:3)
  An iguana (D:4)
  2 orc wizards
  Robin (D:2)
  3 gnolls (D:3)
  2 adders
  3 orcs
  2 bats (D:1)
  3 endoplasms
  A giant cockroach (D:2)
  9 goblins
  4 hobgoblins
  2 jackals (D:1)
  A kobold (D:3)
  A quokka (D:1)
  2 frilled lizards
  2 rats (D:3)
41 creatures vanquished.

Vanquished Creatures (others)
  2 fungi (D:1)
  13 plants
15 creatures vanquished.

Grand Total: 56 creatures vanquished

Notes
Turn   | Place    | Note
-------+----------+-------------------------------------------
     0 | D:1      | IdlyInterested the Formicid Gladiator began the quest for
                  | the Orb.
     0 | D:1      | Reached XP level 1. HP: 16/16 MP: 1/1
   447 | D:1      | Reached XP level 2. HP: 22/22 MP: 2/2
   541 | D:1      | Found Kulosch's Book Shop.
   905 | D:1      | Found a faded altar of an unknown god.
  1145 | D:2      | Reached skill level 1 in Armour
  1338 | D:2      | Reached skill level 1 in Stealth
  1338 | D:2      | Reached XP level 3. HP: 26/27 MP: 3/3
  1372 | D:2      | Noticed Robin
  1385 | D:2      | Killed Robin
  1386 | D:2      | Reached skill level 4 in Long Blades
  1930 | D:3      | Reached XP level 4. HP: 31/34 MP: 4/4
  1952 | D:3      | Noticed Jessica
  1969 | D:3      | Killed Jessica
  1970 | D:3      | Reached XP level 5. HP: 8/41 MP: 5/5
  1983 | D:3      | Reached skill level 5 in Long Blades
  2573 | D:3      | Found Worocwin's Book Shop.
  2884 | D:4      | Reached XP level 6. HP: 47/47 MP: 6/6
  2922 | Abyss:1  | Cast into level 1 of the Abyss (orc)
  2928 | Abyss:1  | Found a corrupted altar of Lugonu.
  2938 | Abyss:1  | Noticed a hell hound
  2944 | Abyss:1  | Noticed a hell hound
  2946 | Abyss:1  | Mangled by a hell hound

Illustrated notes

Levels and vault maps discovered:
D:1:      heliophobic_arrival_dark_side_of_the_moon, layout_basic,
          shapermc_ecumenical_altar_petra, serial_shops, shop,
          nicolae_hexahallways
D:2:      layout_rooms, serial_curves, eino_curves_04, eino_curves_04,
          uniq_robin
D:3:      layout_loops_ring, serial_shops, nicolae_shop_statue_plus,
          nicolae_grassy_gnolls, uniq_jessica
D:4:      layout_loops_corners, hex_large
Abyss:1:  base:
D:3

Skill      XL: |  1  2  3  4  5 |
---------------+----------------+-----
Armour         | 1 |  1.0
Stealth        | 1 |  1.0
Long Blades    | 4 5 |  5.6
Fighting       | 3 |  3.7
Throwing       | |  2.0
Dodging        | |  2.6

Action                     |  1- 3 |  4- 6 || total
---------------------------+-------+-------++-------
  Melee: Long sword        |    95 |    85 ||   180
         Punch             |     1 |       ||     1
  Throw: Stone             |       |     6 ||     6
    Use: Scroll            |     7 |       ||     7
         Potion            |       |     3 ||     3
 Armour: Plate armour      |    55 |    17 ||    72
         Ring mail         |       |    10 ||    10
  Dodge: Dodged            |    26 |    34 ||    60

Table legend: (Time is in decaauts)
 A = Elapsed time spent in this place.
 B = Non-inter-level travel time spent in this place.
 C = Inter-level travel time spent in this place.
 D = Time resting spent in this place.
 E = Time spent auto-exploring this place.
 F = Levels seen in this place.
 G = Mean time per level.
                   A        B        C        D        E       F      G
               +--------+--------+--------+--------+--------+-----+--------+
         Total |   2981 |   2499 |    482 |    223 |   1607 |   5 |  596.2 |
       Dungeon |   2956 |   2474 |    482 |    223 |   1602 |   4 |  739.0 |
         Abyss |     25 |     25 |      0 |      0 |      5 |   1 |   25.0 |
               +--------+--------+--------+--------+--------+-----+--------+

Top non-repeatable levels by time:
     D:1: 1196 daAuts
     D:3: 949 daAuts
     D:2: 760 daAuts
     D:4: 49 daAuts
 Abyss:1: 25 daAuts
